 Dungeon Crawl Stone Soup version 0.31.0-11-ge490571c62 (webtiles) character file.

Game seed: 12856882943768636247

445 monsoonserge the Covert (level 6, -3/32 HPs)
             Began as a Spriggan Delver on Jan 30, 2024.
             Slain by a centaur
             ... wielding a +0 dagger
              (7 damage)
             ... on level 5 of the Dungeon.
             The game lasted 00:15:41 (3487 turns).

monsoonserge the Covert (Spriggan Delver)           Turns: 3487, Time: 00:15:41

Health: -3/32      AC:  2    Str:  8    XL:     6   Next: 72%
Magic:  16/16      EV: 24    Int: 11    God:
Gold:   160        SH:  0    Dex: 19    Spells: 5/5 levels left

rFire   . . .        l - +0 rapier (elec)
rCold   . . .        (no shield)
rNeg    . . .        b - +0 robe
rPois   .            (helmet restricted)
rElec   .            s - scarf {shadows}
rCorr   .            (gloves unavailable)
SInv    +            (boots unavailable)
Will    +....        (no amulet)
Stlth   +++++        x - +5 ring of evasion
HPRegen 0.25/turn    C - ring of magical power
MPRegen 0.15/turn

%: no passive effects
@: very quick
A: very small, no large weapons, unfitting armour, see invisible, speed 3
a: no special abilities


You were on level 5 of the Dungeon.
You visited 1 branch of the dungeon, and saw 5 of its levels.

You collected 160 gold pieces.

Inventory:

Hand Weapons
 a - a +0 short sword
 j - a +0 rapier
 l - a +0 rapier of electrocution (weapon)
Missiles
 d - 4 boomerangs (quivered)
Armour
 b - a +0 robe (worn)
 s - a scarf of shadows (worn)
Jewellery
 x - a +5 ring of evasion (left hand)
 C - a ring of magical power (right hand)
Wands
 g - a wand of digging (2)
Scrolls
 c - a scroll of fog
 e - 3 scrolls of fear
 k - a scroll of enchant weapon {unknown}
 m - a scroll of teleportation
 p - a scroll of torment
 q - a scroll of summoning {unknown}
 u - a scroll of vulnerability
 w - a scroll of immolation {unknown}
 y - a scroll of enchant armour {unknown}
 B - a scroll of noise {unknown}
 D - a scroll of amnesia {unknown}
 E - a scroll of blinking {unknown}
Potions
 f - a potion of haste
 h - 2 potions of degeneration {unknown}
 i - a potion of might {unknown}
 n - 3 potions of heal wounds {unknown}
 o - a potion of brilliance {unknown}
 r - a potion of enlightenment {unknown}
 t - 2 potions of curing {unknown}
 v - a potion of invisibility {unknown}
 z - a potion of mutation {unknown}
 A - a potion of attraction {unknown}


   Skills:
 + Level 3.0 Fighting
 - Level 3.0 Short Blades
 - Level 1.0 Throwing
 + Level 4.0 Dodging
 + Level 11.6 Stealth


You had 5 spell levels left.
You didn't know any spells.
Your spell library was empty.

Dungeon Overview and Level Annotations

Branches:
Dungeon (5/15)
 Temple: D:4-7

Altars:

Shops:
D:2 *   D:4 (


Innate Abilities, Weirdness & Mutations

You are very small and have problems with some larger weapons.
You are too small for most types of armour.
You have supernaturally acute eyesight. (SInv)
You cover ground extremely quickly. (Speed+++)


Message History

You closely miss the giant cockroach.
The giant cockroach completely misses you.
You closely miss the giant cockroach. The giant cockroach closely misses you.
You hit the giant cockroach but do no damage.
The giant cockroach completely misses you.
You barely miss the giant cockroach. The giant cockroach misses you.
The giant cockroach closely misses you.
You barely miss the giant cockroach. The giant cockroach misses you.
You hit the giant cockroach.
The giant cockroach is heavily wounded.
The giant cockroach completely misses you.
You hit the giant cockroach.
You kill the giant cockroach!
You now have 160 gold pieces (gained 8).
You see here a hound skeleton.
Done exploring.
Done exploring.
You see here a hound skeleton.
There is a stone staircase leading down here.
You climb downwards.
There is a stone staircase leading up here.
You open the door.
There is an open door here.
You see here a +0 dagger.
You see here a +0 dagger.
The centaur shouts!
The iguana hisses angrily.
The centaur unwields a +0 dagger.
The centaur wields a +0 shortbow.
The centaur shoots an arrow.
The arrow hits you!
The centaur unwields a +0 shortbow.
The centaur wields a +0 dagger.
The centaur barely misses you. The centaur completely misses you.
You barely miss the centaur. The centaur barely misses you.
The centaur kicks you. The iguana completely misses you.
You barely miss the centaur. The centaur completely misses you.
The centaur misses you. The iguana completely misses you.
The centaur hits you with a +0 dagger. The centaur misses you.
You hit the centaur but do no damage. The centaur hits you with a +0 dagger!
* * * LOW HITPOINT WARNING * * *
The centaur closely misses you. The iguana closely misses you.
The centaur hits you with a +0 dagger!
You die...

#.##8##8##8##....#####,,,******,,
............+....#,,,,,,,*,,,,,**
#.##8##8##8##....#,,,,,,,+,,,,>*
#.###########....#####,,,*,,,,,*
8.8# *,,,,+..........#****,,,,,*
#.#####,,,#..........#,,,*,,,,,*
#.##..#####..........#,,,*,,,,**
#.##<................#,,,',,,,*
8.8#............@c...#,,,*,,<,*
#.##......)......l...#*+**,,,,*
#+##.......######....#,,,*,,,,*
.+....##'### #..[.#,,,*,,,,*
.#....#....# #....#,,,*,,,,*
.#....#...## #....#****,>,,***
.#....+...#*****##+#..,,,,,,,,,,,
.#....#...#*,,,,,,,+...,,,,,,,,,,
.#....#####*,,,,,,,*...?,,,,,,,,,


You could see a centaur and an iguana.

Vanquished Creatures
  An orc warrior (D:3)
  A scorpion (D:4)
  An orc priest (D:3)
  2 hounds (D:4)
  An iguana (D:4)
  2 orc wizards
  5 adders
  3 dart slugs
  2 ribbon worms (D:2)
  6 orcs
  9 bats
  4 endoplasms
  3 giant cockroaches
  3 goblins
  5 hobgoblins
  11 jackals
  A quokka (D:2)
  8 ball pythons
  2 frilled lizards (D:1)
  4 kobolds
  5 rats
79 creatures vanquished.

Notes
Turn   | Place    | Note
-------+----------+-------------------------------------------
     0 | D:5      | monsoonserge the Spriggan Delver began the quest for the
                  | Orb.
     0 | D:5      | Reached XP level 1. HP: 11/11 MP: 2/2
    49 | D:5      | Noticed a scorpion
   114 | D:5      | Noticed a centaur
   164 | D:5      | Noticed a black bear
   190 | D:4      | Noticed a scorpion
   190 | D:4      | Found Qylam's Antique Weapon Emporium.
   199 | D:5      | Noticed an iguana
   293 | D:5      | Noticed a hound
   323 | D:5      | Noticed a wyvern
   466 | D:4      | Reached XP level 2. HP: 16/16 MP: 3/3
   606 | D:3      | Reached skill level 8 in Stealth
   843 | D:1      | Reached XP level 3. HP: 15/19 MP: 4/4
  1469 | D:2      | Found Tinaof's General Store.
  1484 | D:2      | Reached XP level 4. HP: 23/23 MP: 5/5
  1780 | D:2      | Found a faded altar of an unknown god.
  1954 | D:2      | Reached skill level 9 in Stealth
  2457 | D:3      | Reached XP level 5. HP: 27/27 MP: 6/6
  2881 | D:4      | Reached skill level 10 in Stealth
  2984 | D:4      | Reached XP level 6. HP: 32/32 MP: 7/7
  2984 | D:4      | Noticed an orc warrior
  3071 | D:3      | Killed an orc warrior
  3072 | D:3      | Reached skill level 1 in Throwing
  3072 | D:3      | Reached skill level 11 in Stealth
  3487 | D:5      | Slain by a centaur

Illustrated notes

Levels and vault maps discovered:
D:1:      moated_graveyard_arrival, layout_loops_ring
D:2:      layout_basic, shapermc_ecumenical_altar_flowoftime, serial_shops,
          nicolae_square_shop
D:3:      layout_loops_cross
D:4:      layout_rooms, serial_shops, nicolae_shop_trees
D:5:      layout_gridville, dk_noncrumbling_2

Skill      XL: |  1  2  3  4  5  6 |
---------------+-------------------+-----
Stealth        | 8 9 10 11 | 11.6
Dodging        | 3 4 |  4.0
Short Blades   | 3 |  3.0
Throwing       | 1 |  1.0
Fighting       | 3 |  3.0

Action                     |  1- 3 |  4- 6 || total
---------------------------+-------+-------++-------
  Melee: Short sword       |    51 |       ||    51
         Punch             |     1 |     1 ||     2
         Rapier            |    36 |   105 ||   141
  Throw: Boomerang         |     3 |    20 ||    23
  Evoke: Wand              |     1 |       ||     1
    Use: Scroll            |     1 |     3 ||     4
   Stab: Sleeping          |    16 |    18 ||    34
         Distracted        |       |     1 ||     1
 Armour: Robe              |    28 |    24 ||    52
  Dodge: Dodged            |    60 |    56 ||   116
